 Dungeon Crawl Stone Soup version 0.30-a0-672-gc3a7216ad8 (webtiles) character file.

Game seed: 14946617469673759617

22369 wormed the Alchemist (level 12, -8/76 HPs)
             Began as a Felid Chaos Knight on Jan 18, 2023.
             Was an Initiate of Gozag.
             Mangled by an eight-headed hydra (11 damage)
             ... on level 5 of the Lair of Beasts.
             The game lasted 00:40:40 (19391 turns).

wormed the Alchemist (Felid Chaos Knight)          Turns: 19391, Time: 00:40:41

Health: -8/76      AC: 16    Str: 16 (18) XL:     12   Next: 62%
Magic:  19/27      EV: 11    Int: 23      God:    Gozag
Gold:   888        SH:  5    Dex: 17      Spells: 11/27 levels left
                                        Lives:  0   Deaths: 3

rFire   + + .      SeeInvis +      - Unarmed
rCold   x . .      Faith    .    (shield unavailable)
rNeg    . . .      Spirit   .    (body armour unavailable)
rPois   +          Reflect  +    (helmet unavailable)
rElec   .          Harm     .    (cloak unavailable)
rCorr   .          Rampage  .    (gloves unavailable)
Will    +....                    (boots unavailable)
Stlth   +++                      f - amulet of reflection
HPRegen 0.32/turn                g - ring of wizardry
MPRegen 0.20/turn                s - +6 ring of intelligence

@: dragon-form, wereblooded, flying
A: dragon claw, dragon scales, breathe fire, flying, boosted hp, giant, (claws
1), (fangs 3), see invisible, (speed 1), (shaggy fur 3), (stealthy paws), no
weapons or thrown items, no armour, multi-lived, (antennae 1), (iridescent
scales 2), deterioration 1, high MP 1, mutation resistance 1, MP-powered wands
a: Breathe Fire, End Transformation, Renounce Religion, Potion Petition, Call
Merchant, Bribe Branch


You were on level 5 of the Lair of Beasts.
You worshipped Gozag.
Gozag was pleased with you.
You were a fearsome dragon!
You visited 3 branches of the dungeon, and saw 15 of its levels.

You collected 2974 gold pieces.
You spent 690 gold pieces at shops.
You paid 1396 gold pieces to Gozag.

Inventory:

Jewellery
 f - an amulet of reflection (around neck)
 g - a ring of wizardry (left foreclaw)
 n - the ring "Nokis" {Str+6 Slay+3 Stlth+}
   (You acquired it on level 6 of the Dungeon)

   [ring of strength]

   Str:       It affects your strength (+6).
   Slay:      It affects your accuracy & damage with ranged weapons and melee
   (+3).
   Stlth:     It makes you more stealthy.
 q - a ring of fire
 s - a +6 ring of intelligence (right foreclaw)
 v - a +5 ring of evasion
 y - a ring of magical power
 A - a ring of fire
Wands
 w - a wand of light (7)
Scrolls
 d - 2 scrolls of silence
 h - 2 scrolls of vulnerability
 i - 2 scrolls of teleportation
 l - a scroll of fog
 m - 4 scrolls of blinking
 t - 2 scrolls of fear
 u - a scroll of magic mapping
 z - a scroll of identify
Potions
 b - 2 potions of lignification
 c - a potion of ambrosia
 e - 2 potions of flight
 j - a potion of invisibility
 k - 2 potions of haste
 o - 3 potions of might
 p - 3 potions of curing
 r - 4 potions of attraction
 x - 5 potions of heal wounds


   Skills:
 + Level 5.4 Fighting
 + Level 6.9 Dodging
 - Level 4.0 Stealth
 + Level 5.4 Unarmed Combat
 - Level 8.0 Spellcasting
 - Level 12.0 Summonings
 - Level 16.0 Transmutations


You had 11 spell levels left.
You knew the following spells:

 Your Spells              Type           Power      Damage    Failure   Level
a - Dragon Form           Tmut           35%        N/A       3%          7
b - Wereblood             Tmut           70%        N/A       0%          2
g - Summon Guardian Gole  Hex/Summ       36%        N/A       1%          3
w - Call Canine Familiar  Summ           59%        N/A       1%          3
z - Summon Small Mammal   Summ           100%       N/A       1%          1

Your spell library contained the following spells:

 Spells                   Type           Power      Damage    Failure   Level
 Beastly Appendage        Tmut           100%       N/A       0%          1
 Spider Form              Tmut/Pois      46%        N/A       1%          3
 Petrify                  Tmut/Erth      46%        N/A       1%          4
 Magic Dart               Conj           36%        1d4       2%          1
 Irradiate                Conj/Tmut      23%        3d19      2%          5
 Searing Ray              Conj           18%        2d5       4%          2
 Sublimation of Blood     Necr           9%         N/A       4%          2
 Dazzling Flash           Conj/Hex       18%        N/A       9%          3
 Inner Flame              Hex/Fire       9%         N/A       9%          3
 Vhi's Electric Charge    Tloc/Air       18%        N/A       9%          3
 Cause Fear               Hex            4%         N/A       26%         4
 Fulminant Prism          Conj/Hex       4%         3d5       26%         4
 Sticky Flame             Conj/Fire      9%         2d3       26%         4
 Arcjolt                  Conj/Air       4%         1d14      56%         5
 Freezing Cloud           Conj/Ice/Air   4%         6-21      56%         5
 Discord                  Hex            4%         N/A       100%        8
 Maxwell's Capacitive Co  Air            4%         ∞         100%        8
 Dragon's Call            Summ           29%        N/A       100%        9


Dungeon Overview and Level Annotations

Branches:
Dungeon (9/15)             Temple (1/1) D:7            Lair (5/5) D:9
 Shoals (0/4) Lair:2       Spider (0/4) Lair:2
  Slime: Lair:4-5       Orc: D:9-12

Altars:
Ashenzari
Cheibriados
Dithmenos
Elyvilon
Fedhas
Gozag
Hepliaklqana
Kikubaaqudgha
Makhleb
Nemelex Xobeh
Okawaru
Qazlal
Ru
Sif Muna
Trog
Uskayaw
Vehumet
Wu Jian
Xom
Yredelemnul
Zin
The Shining One

Shops:
D:8 :   Lair:3 :

Annotations:
D:5 Pikel
D:9 exclusion: obsidian statue
Lair:2 3 runed translucent doors, wormed's ghost, journeyman FeCK


Innate Abilities, Weirdness & Mutations

You are a fearsome dragon!
You have a powerful clawing attack.
Your giant scaled body is strong and resiliant, but less evasive.
You can breathe fire.
You are flying.
Your maximum health is greatly increased.
((You have sharp claws.))
((You have razor-sharp teeth.))
You have supernaturally acute eyesight. (SInv)
((You cover ground quickly. (Speed+)))
((Your thick and shaggy fur keeps you warm. (AC +3, rC+)))
((Your paws help you pounce on unaware monsters.))
You are incapable of wielding weapons or throwing items.
You cannot wear armour.
You gain extra lives every three experience levels.
((You have a pair of small antennae on your head.))
((You are mostly covered in iridescent scales. (AC +4)))
Your body sometimes deteriorates upon taking damage.
You have an increased reservoir of magic. (+10% MP)
You are somewhat resistant to further mutation.
You expend magic power (3 MP) to strengthen your wands.


Message History

Done exploring.
There is a stone staircase leading down here.
Casting: Wereblood (safe; 0% risk of failure)
Confirm with . or Enter, or press ? or * to list all spells.
The spell is quite dangerous to miscast (3% risk of failure)!
Continue anyway?
You turn into a fearsome dragon!
You fly downwards.
The eight-headed hydra roars!
The yak closely misses you. The eight-headed hydra bites you!
The eight-headed hydra bites you but does no damage.
The eight-headed hydra bites you.
You block the eight-headed hydra's attack.
The eight-headed hydra misses you. x2
The eight-headed hydra bites you but does no damage.
The eight-headed hydra bites you! The yak gores you.
You block the yak's attack.
There is a stone staircase leading up, spattered with blood here.
Casting: Dragon Form (dangerous; 3% risk of failure)
Confirm with . or Enter, or press ? or * to list all spells.
Your blood is infused with primal strength.
The seven-headed hydra bites you. The seven-headed hydra bites you!
Your body deteriorates!
You feel weakened.
You block the seven-headed hydra's attack.
The seven-headed hydra closely misses you.
The seven-headed hydra bites you!
Your body deteriorates!
You feel weakened. The seven-headed hydra bites you.
The seven-headed hydra bites you but does no damage.
The yak gores you!
* * * LOW HITPOINT WARNING * * *
The yak misses you. The eight-headed hydra bites you.
* * * LOW HITPOINT WARNING * * *
The eight-headed hydra bites you.
* * * LOW HITPOINT WARNING * * *
The eight-headed hydra bites you.
* * * LOW HITPOINT WARNING * * *
The eight-headed hydra closely misses you. x2
The eight-headed hydra bites you!
You die...
Your body crumbles into a pile of gold.

.................
..........[......
..... ...)....
#... ........
#...##....#
##..#.#...#
#.........##
#...##..D..#
#.......DY.#
#....##YD..#
#.... #.$.## ####
#....P# #........
........!.
...........
...........
............


You could see an eight-headed hydra, a seven-headed hydra and 2 yaks.

Vanquished Creatures
  2 death yaks (Lair:3)
  A manticore (Lair:2)
  10 elephants (Lair:4)
  5 cane toads
  2 black mambas
  2 komodo dragons
  2 rime drakes
  A wind drake (Lair:2)
  A meliai (Lair:2)
  7 dream sheep
  2 wyverns
  A vampire (D:9)
  23 yaks
  2 basilisks
  Menkaure (D:5)
  6 water moccasins
  2 ice beasts
  A sky beast (D:9)
  An ogre (D:5)
  3 wolves (Lair:1)
  A centaur (D:7)
  7 bullfrogs
  3 killer bees (Lair:2)
  4 howler monkeys
  2 hounds
  3 iguanas
  2 orc priests
  An orc wizard (D:4)
  A hell rat (Lair:1)
  An adder (D:5)
  A gnoll (D:7)
  A white imp (D:6)
  2 worms
  5 dart slugs
  10 orcs
  6 bats
  7 endoplasms
  A giant cockroach (D:2)
  4 goblins
  7 hobgoblins
  8 jackals
  11 kobolds
  A quokka (D:1)
  6 frilled lizards (D:1)
  5 rats
175 creatures vanquished.

Vanquished Creatures (collateral kills)
  A death yak (Lair:3)
  An elephant (Lair:4)
  A torpor snail (Lair:1)
  2 cane toads
  2 komodo dragons (Lair:1)
  A hornet (D:9)
  2 dream sheep (Lair:1)
  2 yaks (D:8)
  A wyvern (D:8)
  A water moccasin (Lair:1)
  An acid dragon (D:7)
  A sky beast (D:9)
  An orc warrior (D:8)
  2 ogres
  A centaur (D:8)
  5 wolves (Lair:1)
  2 bullfrogs
  A necrophage (D:3)
  2 jellies
  5 wights
  2 killer bees
  6 howler monkeys
  2 hounds
  An orc priest (D:4)
  2 gnoll boudas
  An iguana (D:5)
  7 orc wizards
  10 gnolls
  2 adders
  4 river rats (Lair:1)
  A shadow imp (D:7)
  A white imp (D:5)
  A nameless horror (D:5)
  13 orcs
  A ball python (D:4)
  A goblin (D:3)
  5 rats
95 creatures vanquished.

Vanquished Creatures (others)
  2 hydras
  A two-headed ogre (D:8)
  A boulder beetle (D:9)
  3 cane toads
  2 rime drakes (Lair:4)
  3 dream sheep (Lair:1)
  A shadow (D:9)
  3 wyverns
  A vampire (D:9)
  3 steam dragons
  2 yaks (D:8)
  2 basilisks (D:9)
  A water moccasin (Lair:2)
  A swamp drake (D:9)
  2 orc warriors (D:9)
  A sky beast (D:9)
  A black bear (D:8)
  2 wolves (Lair:1)
  A bullfrog (Lair:1)
  10 killer bees
  A hell rat (Lair:1)
  37 fungi
  43 plants
  16 withered plants (Lair:5)
140 creatures vanquished.

Grand Total: 410 creatures vanquished

Notes
Turn   | Place    | Note
-------+----------+-------------------------------------------
     0 | D:1      | wormed the Felid Chaos Knight began the quest for the Orb.
     0 | D:1      | Reached XP level 1. HP: 10/10 MP: 2/2
    24 | D:1      | XOM: potion effect (might)
   134 | D:1      | XOM: silly message
   143 | D:1      | Reached skill level 1 in Stealth
   143 | D:1      | Reached XP level 2. HP: 14/14 MP: 3/3
   270 | D:1      | Got Vesurghu's Handbook of Energy
   646 | D:1      | Reached XP level 3. HP: 17/17 MP: 4/4
   688 | D:1      | XOM: silly message
  1388 | D:2      | XOM: give mutations
  1388 | D:2      | Gained mutation: You are frail. (-10% HP) [Xom's mischief]
  1388 | D:2      | Gained mutation: You are dopey. (Int -2) [Xom's mischief]
  1388 | D:2      | Gained mutation: You are partially covered in iridescent
                  | scales. (AC +2) [Xom's mischief]
  1393 | D:2      | XOM: god gift: +3 plate armour of fire resistance
  1462 | D:2      | Found a faded altar of an unknown god.
  1577 | D:3      | Learned a level 1 spell: Summon Small Mammal
  1618 | D:3      | XOM: give mutations
  1618 | D:3      | Gained mutation: You are mostly covered in iridescent
                  | scales. (AC +4) [Xom's grace]
  1618 | D:3      | Gained mutation: You have a pair of small horns on your
                  | head. [Xom's grace]
  1618 | D:3      | Gained mutation: Your spells are a little harder to cast,
                  | but a little more powerful. [Xom's grace]
  1630 | D:3      | Noticed a necrophage
  1645 | D:3      | Killed a necrophage
  1646 | D:3      | Reached skill level 1 in Summonings
  1646 | D:3      | Reached XP level 4. HP: 19/19 MP: 2/5
  1736 | D:3      | XOM: god gift: scroll of vulnerability
  1846 | D:3      | Reached XP level 5. HP: 22/22 MP: 6/6
  2074 | D:3      | XOM: polymorph rat -> goblin
  2150 | D:3      | Found a broken altar of Ashenzari.
  2324 | D:3      | Learned a level 3 spell: Call Canine Familiar
  2397 | D:4      | XOM: butterfly on damage
  2479 | D:4      | XOM: summons 3 hostile shadow creatures
  2502 | D:4      | XOM: confusion (+ monsters)
  2515 | D:4      | XOM: noise
  2633 | D:4      | Killed from afar by an orc priest
  2634 | D:4      | Reached XP level 4. HP: -1/19 MP: 3/6
  2717 | D:4      | XOM: confuse monster(s)
  2720 | D:4      | Reached skill level 1 in Spellcasting
  2721 | D:4      | Reached XP level 5. HP: 22/22 MP: 5/7
  2729 | D:4      | XOM: enchant monster (good)
  2733 | D:4      | Lost mutation: You are dopey. (Int -2) [potion of mutation]
  2733 | D:4      | Lost mutation: You have a pair of small horns on your head.
                  | [potion of mutation]
  2733 | D:4      | Lost mutation: You are frail. (-10% HP) [potion of
                  | mutation]
  2733 | D:4      | Gained mutation: You occasionally lose the ability to read
                  | scrolls when taking damage. [potion of mutation]
  2733 | D:4      | Gained mutation: You are completely covered in iridescent
                  | scales. (AC +6) [potion of mutation]
  2739 | D:4      | XOM: summons friendly ufetubus
  2835 | D:4      | XOM: 6-stop teleportation journey
  2910 | D:4      | XOM: summons 1 hostile demon
  3274 | D:5      | Entered Level 5 of the Dungeon
  3274 | D:5      | Noticed Menkaure
  3274 | D:5      | Noticed an ice beast
  3376 | D:5      | Noticed an ogre
  3421 | D:4      | XOM: noise
  3469 | D:5      | XOM: enchant monster (good)
  3479 | D:5      | Killed an ogre
  3480 | D:5      | Reached skill level 5 in Dodging
  3480 | D:5      | Gained mutation: You are covered in thick fur. (AC +2)
                  | [Felid growth]
  3480 | D:5      | Reached XP level 6. HP: 28/28 MP: 4/9
  3599 | D:5      | XOM: silly message
  3652 | D:5      | Noticed Pikel
  3693 | D:5      | XOM: potion effect (might)
  3707 | D:5      | XOM: silly message
  3783 | D:5      | XOM: divination: detect items
  3785 | D:5      | Killed Menkaure
  3821 | D:5      | XOM: silly message
  3896 | D:5      | Reached XP level 7. HP: 32/32 MP: 5/11
  3949 | D:5      | XOM: silly message
  4161 | D:5      | XOM: butterfly on damage
  4164 | D:5      | XOM: silly message
  4231 | D:5      | XOM: god gift: scroll of blinking
  4516 | D:5      | Reached skill level 5 in Summonings
  4965 | D:6      | XOM: summons friendly white imp
  5120 | D:6      | XOM: butterfly on damage
  5175 | D:6      | Found a snail-covered altar of Cheibriados.
  5379 | D:6      | Reached XP level 8. HP: 34/36 MP: 8/14
  5442 | D:6      | Found an opulent altar of Gozag.
  5479 | D:6      | Fell from the grace of Xom
  5479 | D:6      | Became a worshipper of Gozag Ym Sagoz the Greedy
  5885 | D:6      | XOM: polymorph quokka -> jackal
  6111 | D:6      | XOM: stat loss: -2 Dex (14/16)
  6253 | D:6      | Identified a scroll of acquirement
  6253 | D:6      | Acquired the ring "Nokis" {Str+6 Slay+3 Stlth+}
  6444 | D:7      | Found a staircase to the Ecumenical Temple.
  6553 | D:7      | XOM: give mutations
  6553 | D:7      | Gained mutation: You are dopey. (Int -2) [Xom's mischief]
  6553 | D:7      | Lost mutation: You occasionally lose the ability to read
                  | scrolls when taking damage. [Xom's mischief]
  6553 | D:7      | Gained mutation: You have an increased reservoir of magic.
                  | (+10% MP) [Xom's mischief]
  6553 | D:7      | Lost mutation: You are completely covered in iridescent
                  | scales. (AC +6) [Xom's mischief]
  6805 | D:7      | XOM: 1-stop teleportation journey
  7000 | Temple   | Entered the Ecumenical Temple
  7162 | Temple   | XOM: noise
  7269 | D:7      | Shot with an arrow by a centaur
  7270 | D:7      | Reached XP level 7. HP: -2/32 MP: 15/16
  7405 | D:7      | Reached skill level 5 in Spellcasting
  7406 | D:7      | Reached XP level 8. HP: 33/36 MP: 3/18
  7432 | D:7      | XOM: swap monsters
  7490 | D:7      | XOM: torment (19/36 hp)
  7588 | D:7      | XOM: give mutation
  7588 | D:7      | Gained mutation: You expend magic power (3 MP) to
                  | strengthen your wands. [Xom's mischief]
  7789 | D:7      | XOM: swap monsters
  7960 | D:7      | Learned a level 3 spell: Summon Guardian Golem
  7977 | D:7      | XOM: give mutation
  7977 | D:7      | Gained mutation: You are very dopey. (Int -4) [Xom's
                  | mischief]
  8956 | D:8      | Reached XP level 9. HP: 39/39 MP: 10/20
  9086 | D:8      | XOM: summons 3 hostile demons
  9087 | D:8      | Noticed a smoke demon
  9087 | D:8      | Noticed a hellwing
  9129 | D:8      | Found a bloodstained altar of Trog.
  9325 | D:9      | Found a sparkling altar of Nemelex Xobeh.
  9346 | D:9      | Reached skill level 10 in Summonings
  9541 | D:9      | Noticed a boulder beetle
  9894 | D:9      | XOM: give mutations
  9894 | D:9      | Lost mutation: You are mostly covered in iridescent scales.
                  | (AC +4) [Xom's mischief]
  9894 | D:9      | Gained mutation: You occasionally lose the ability to read
                  | scrolls when taking damage. [Xom's mischief]
  9894 | D:9      | Lost mutation: Your spells are a little harder to cast, but
                  | a little more powerful. [Xom's mischief]
  9912 | D:9      | XOM: give mutations
  9912 | D:9      | Gained mutation: You are mostly covered in iridescent
                  | scales. (AC +4) [Xom's grace]
  9912 | D:9      | Gained mutation: Your muscles are strong. (Str +4, Int/Dex
                  | -1) [Xom's grace]
  9912 | D:9      | Gained mutation: You are somewhat resistant to further
                  | mutation. [Xom's grace]
  9912 | D:9      | Lost mutation: You are very dopey. (Int -4) [Xom's grace]
  9946 | D:9      | Found a staircase to the Lair.
 10058 | D:9      | Found a stormy altar of Qazlal.
 10185 | D:8      | XOM: polymorph hound -> shapeshifter
 10212 | D:8      | Noticed a two-headed ogre
 10263 | D:8      | Killed a two-headed ogre
 10264 | D:8      | Reached XP level 10. HP: 42/42 MP: 20/24
 10670 | D:8      | XOM: polymorph wolf -> hound
 11000 | D:8      | XOM: noise
 11137 | D:9      | Reached skill level 1 in Transmutations
 11225 | D:9      | Noticed an obsidian statue
 11235 | D:9      | Noticed a sun demon
 11329 | D:9      | Reached skill level 2 in Transmutations
 11409 | D:9      | Killed a boulder beetle
 11410 | D:9      | Reached skill level 4 in Transmutations
 11482 | D:9      | Reached skill level 5 in Transmutations
 12311 | D:8      | Bought a book of the Dragon for 690 gold pieces
 12439 | Lair:1   | Entered Level 1 of the Lair of Beasts
 12513 | Lair:1   | Noticed a torpor snail
 12524 | Lair:1   | Noticed a cane toad
 12529 | Lair:1   | Killed a cane toad
 12530 | Lair:1   | Reached skill level 6 in Transmutations
 12542 | Lair:1   | Killed a torpor snail
 12627 | Lair:1   | Reached skill level 7 in Transmutations
 12630 | Lair:1   | Reached XP level 11. HP: 7/46 MP: 23/26
 12868 | Lair:1   | Reached skill level 8 in Transmutations
 13052 | Lair:1   | Reached skill level 9 in Transmutations
 13660 | Lair:1   | Noticed a seven-headed hydra
 13683 | Lair:1   | Killed a seven-headed hydra
 13684 | Lair:1   | Reached skill level 10 in Transmutations
 13890 | Lair:1   | XOM: give mutation
 13890 | Lair:1   | Gained mutation: You have a pair of small antennae on your
                  | head. [Xom's grace]
 13964 | Lair:1   | XOM: polymorph wolf -> glowing shapeshifter
 14041 | Lair:2   | Learned a level 7 spell: Dragon Form
 14044 | Lair:2   | Learned a level 2 spell: Wereblood
 14166 | Lair:2   | Noticed an eight-headed hydra
 14192 | Lair:2   | Killed an eight-headed hydra
 14310 | Lair:2   | Noticed wormed's ghost (journeyman FeCK)
 14332 | Lair:2   | Reached skill level 11 in Transmutations
 14380 | Lair:2   | XOM: draining
 14436 | Lair:2   | Found a staircase to the Shoals.
 14449 | Lair:2   | Found a hole to the Spider Nest.
 14458 | Lair:2   | Killed from afar by a meliai
 14459 | Lair:2   | Reached XP level 10. HP: -4/36 MP: 22/25
 14480 | Lair:2   | Found a runed translucent gate.
 14480 | Lair:2   | Found a runed translucent gate.
 14480 | Lair:2   | Found a runed translucent gate.
 14486 | Lair:2   | Noticed a cane toad
 14518 | Lair:2   | Killed a cane toad
 14583 | Lair:2   | Noticed a cane toad
 14591 | Lair:2   | Noticed a cane toad
 14601 | Lair:2   | Killed a cane toad
 14610 | Lair:2   | Killed a cane toad
 14903 | Lair:2   | Reached skill level 12 in Transmutations
 14953 | Lair:2   | XOM: polymorph wolf -> jelly
 15229 | Lair:2   | Noticed a cane toad
 15235 | Lair:2   | Killed a cane toad
 15236 | Lair:2   | Reached XP level 11. HP: 46/46 MP: 26/26
 15537 | Lair:3   | XOM: give mutations
 15537 | Lair:3   | Gained mutation: Your body sometimes deteriorates upon
                  | taking damage. [Xom's mischief]
 15537 | Lair:3   | Lost mutation: You occasionally lose the ability to read
                  | scrolls when taking damage. [Xom's mischief]
 15537 | Lair:3   | Lost mutation: You are dopey. (Int -2) [Xom's mischief]
 15537 | Lair:3   | Lost mutation: Your muscles are strong. (Str +4, Int/Dex
                  | -1) [Xom's mischief]
 15537 | Lair:3   | Was forgiven by Xom
 15972 | Lair:3   | Reached skill level 13 in Transmutations
 16001 | Lair:3   | Noticed a death yak
 16007 | Lair:3   | Noticed a death yak
 16011 | Lair:3   | Noticed a death yak
 16023 | Lair:3   | Killed a death yak
 16238 | Lair:3   | Killed a death yak
 16249 | Lair:3   | Killed a death yak
 16488 | Lair:3   | Reached skill level 14 in Transmutations
 17774 | Lair:4   | Reached skill level 15 in Transmutations
 17840 | Lair:4   | Gained mutation: Your thick and shaggy fur keeps you warm.
                  | (AC +3, rC+) [Felid growth]
 17840 | Lair:4   | Reached XP level 12. HP: 41/49 MP: 27/27
 18030 | Lair:4   | Reached skill level 16 in Transmutations
 18949 | Lair:5   | Entered Level 5 of the Lair of Beasts
 19052 | Lair:5   | Noticed a seven-headed hydra
 19169 | Lair:5   | Reached skill level 5 in Fighting
 19169 | Lair:5   | Reached skill level 5 in Unarmed Combat
 19191 | Lair:5   | Noticed an eight-headed hydra
 19275 | Lair:5   | Noticed a death yak
 19275 | Lair:5   | Noticed a death yak
 19275 | Lair:5   | Noticed a death yak
 19275 | Lair:5   | Noticed a death yak
 19275 | Lair:5   | Noticed a death yak
 19390 | Lair:5   | Noticed an eight-headed hydra
 19391 | Lair:5   | HP: 3/76 [eight-headed hydra (5)]
 19391 | Lair:5   | Mangled by an eight-headed hydra

Illustrated notes

Levels and vault maps discovered:
D:1:      wander_arrival_chamber, layout_loops_ring, st_stairs_3,
          minmay_pentomino_p4
D:2:      layout_rooms, shapermc_ecumenical_altar_mp_vishouse,
          hangedman_decor_slide_cut
D:3:      layout_basic, mainiacjoe_overflow_surrounded_room
D:4:      layout_basic, hangedman_decor_clover_reticule
D:5:      layout_cave_pods, uniq_pikel, uniq_menkaure
D:6:      layout_basic, amcnicky_altar_gilded, marbit_many_paths
D:7:      layout_layer_cave, minmay_temple_entry_stoned_glass,
          minmay_misc_feat_chi, nrook_pool_corridor, minmay_manual_mail
D:8:      layout_loops_ring, lemuel_tele_altar
D:9:      layout_basic, mainiacjoe_overflow_brackets,
          nemelex_diamond_rough_becter, erik_lair_dragon, minivault_15,
          hangedman_misty_isle
Temple:   nicolae_temple_bog_church
Lair:1:   beast_lair_carwin_large_2, layout_regular_city,
          kennysheep_abandoned_house
Lair:2:   layout_chaotic_city, minmay_shoals_entry_beasts,
          hellmonk_spider_entry_not_the_bees, gammafunk_ghost_icy,
          infiniplex_staircase_pool_2
Lair:3:   layout_concentric_octagons, lemuel_fruit_tree
Lair:4:   layout_regular_city
Lair:5:   due_jungle_book, layout_regular_city, slime_entry_2,
          infiniplex_staircase_pool

Skill      XL: |  1  2  3  4  5  6  7  8  9 10 11 12 |
---------------+-------------------------------------+-----
Stealth        | 1 2 3 4 |  4.0
Dodging        | 4 5 6 |  6.9
Summonings     | 1 2 4 8 9 11 12 | 12.0
Spellcasting   | 1 2 5 6 7 8 |  8.0
Fighting       | 4 5 |  5.4
Unarmed Combat | 4 5 |  5.4
Transmutations | 12 15 16 | 16.0

Action                   |  1- 3 |  4- 6 |  7- 9 | 10-12 || total
-------------------------+-------+-------+-------+-------++-------
Melee: Unarmed           |   125 |    93 |   100 |   277 ||   595
       Bite              |    15 |     8 |    15 |    32 ||    70
       Punch             |     4 |       |     5 |    13 ||    22
       Headbutt          |     4 |     5 |       |       ||     9
       Tailslap          |       |       |       |    33 ||    33
 Cast: Summon Small Mamm |     4 |    34 |    78 |    13 ||   129
       Call Canine Famil |       |    14 |    62 |    49 ||   125
       Summon Guardian G |       |       |    28 |    57 ||    85
       Dragon Form       |       |       |       |    31 ||    31
       Wereblood         |       |       |       |     5 ||     5
Invok: Call Merchant     |       |       |       |     2 ||     2
Evoke: Wand              |       |       |     7 |       ||     7
  Use: Scroll            |     8 |     2 |     7 |     9 ||    26
       Potion            |       |     5 |     1 |     4 ||    10
 Stab: Sleeping          |     6 |     1 |       |       ||     7
       Distracted        |     2 |       |     2 |       ||     4
       Confused          |       |     1 |     1 |       ||     2
       Paralysed         |       |     1 |       |       ||     1
Armor: Skin              |     8 |    28 |    16 |   110 ||   162
Dodge: Dodged            |    83 |    84 |   110 |   202 ||   479
Block: Other             |       |       |    21 |    67 ||    88
       Reflection        |       |       |     3 |       ||     3

Table legend: (Time is in decaauts)
 A = Elapsed time spent in this place.
 B = Non-inter-level travel time spent in this place.
 C = Inter-level travel time spent in this place.
 D = Time resting spent in this place.
 E = Time spent auto-exploring this place.
 F = Levels seen in this place.
 G = Mean time per level.
                   A        B        C        D        E       F      G
               +--------+--------+--------+--------+--------+-----+--------+
         Total |  17357 |  16584 |    773 |    225 |  12394 |  15 | 1157.1 |
       Dungeon |  10760 |  10290 |    470 |    225 |   7447 |   9 | 1195.6 |
        Temple |    233 |    222 |     11 |      0 |    207 |   1 |  233.0 |
          Lair |   6363 |   6072 |    291 |      0 |   4740 |   5 | 1272.6 |
               +--------+--------+--------+--------+--------+-----+--------+

Top non-repeatable levels by time:
     D:9: 2097 daAuts
     D:7: 1949 daAuts
  Lair:4: 1632 daAuts
  Lair:3: 1615 daAuts
  Lair:2: 1584 daAuts
  Lair:1: 1423 daAuts
     D:5: 1315 daAuts
     D:6: 1297 daAuts
     D:8: 1074 daAuts
     D:4: 1026 daAuts
     D:1: 821 daAuts
     D:3: 684 daAuts
     D:2: 495 daAuts
  Temple: 233 daAuts
  Lair:5: 106 daAuts
